 Dungeon Crawl Stone Soup version 0.30-a0-576-g89cddaab80 (webtiles) character file.

Game seed: 9368755876567872122

94 Shayle the Conjurer (level 4, -4/27 HPs)
             Began as a Tengu Reaver on Dec 30, 2022.
             Killed by divine providence
             ... invoked by an orc priest
              (14 damage)
             ... on level 3 of the Dungeon.
             The game lasted 00:04:56 (1262 turns).

Shayle the Conjurer (Tengu Reaver)                  Turns: 1262, Time: 00:04:57

Health: -4/27      AC:  3    Str: 12    XL:     4   Next: 63%
Magic:  8/8        EV: 12    Int: 16    God:
Gold:   62         SH:  0    Dex: 12    Spells: 7/8 levels left

rFire   . . .      SeeInvis .    i - +1 short sword (venom)
rCold   . . .      Faith    .    (no shield)
rNeg    . . .      Spirit   .    b - +0 leather armour
rPois   .          Reflect  .    (helmet restricted)
rElec   .          Harm     .    (no cloak)
rCorr   .          Rampage  .    (no gloves)
Will    .....                    (boots unavailable)
Stlth   +                        c - amulet of magic regeneration
HPRegen 0.24/turn                (no ring)
MPRegen 0.51/turn                (no ring)

@: no status effects
A: beak, talons 3
a: no special abilities


You were on level 3 of the Dungeon.
You visited 1 branch of the dungeon, and saw 3 of its levels.

You collected 62 gold pieces.

Inventory:

Hand Weapons
 i - a +1 short sword of venom (weapon)
Missiles
 e - a throwing net
Armour
 b - a +0 leather armour (worn)
Jewellery
 c - an amulet of magic regeneration (around neck)
Wands
 n - a wand of iceblast (5)
Scrolls
 d - a scroll of teleportation {unknown}
 f - 4 scrolls of identify {unknown}
 g - 3 scrolls of fear {unknown}
 l - a scroll of blinking {unknown}
 m - a scroll of enchant armour {unknown}
Potions
 a - a potion of curing {unknown}
 h - a potion of lignification {unknown}
 j - a potion of attraction {unknown}
 k - a potion of might {unknown}


   Skills:
 + Level 2.6 Fighting
 - Level 3.2 Short Blades
 + Level 2.9 Dodging
 + Level 2.5 Spellcasting
 - Level 4.0 Conjurations
 + Level 1.6 Necromancy
 + Level 1.5 Air Magic
 + Level 1.0 Earth Magic


You had 7 spell levels left.
You knew the following spells:

 Your Spells              Type           Power      Damage    Failure   Level
a - Kiss of Death         Conj/Necr      44%        2d8       8%          1

Your spell library contained the following spells:

 Spells                   Type           Power      Damage    Failure   Level
 Static Discharge         Conj/Air       20%        2-3/arc   12%         2
 Momentum Strike          Conj/Tloc      16%        3d8       17%         2
 Summon Small Mammal      Summ           8%         N/A       26%         1
 Hailstorm                Conj/Ice       8%         3d4       32%         3
 Vhi's Electric Charge    Tloc/Air       8%         N/A       50%         3
 Arcjolt                  Conj/Air       5%         1d15      92%         5
 Lightning Bolt           Conj/Air       5%         1d17      92%         5


Dungeon Overview and Level Annotations

Branches:
Dungeon (3/15)

Altars:

Shops:
D:3 (


Innate Abilities, Weirdness & Mutations

You have a beak for a mouth.
You have claws for feet.


Message History

The bat misses you.
The ball python hisses angrily.
You hit the bat.
You kill the bat!
Things that are here:
a +0 club; a kobold corpse You hit the goblin.
You kill the goblin!
You barely miss the orc. Your kick misses the orc. The orc barely misses you.
You hit the orc.
The orc is poisoned.
Your kick misses the orc. You peck the orc.
The orc is heavily wounded.
The orc barely misses you. The ball python bites you.
The ball python misses you.
You closely miss the orc. You claw the orc.
You kill the orc!
The ball python bites you. The ball python grabs you.
The ball python constricts you.
You closely miss the ball python. Your kick misses the ball python.
The ball python bites you but does no damage.
The ball python constricts you.
An orc comes into view. It is wielding a +0 flail.
You barely miss the ball python.
The orc shouts!
You claw the ball python.
You kill the ball python!
You hear a shout!
Things that are here:
a ball python corpse; a giant cockroach corpse An orc comes into view.
It is wielding a +0 flail.
You see here a hobgoblin corpse.
The orc hits you with a +0 flail.
An orc priest comes into view. It is wielding a +0 mace.
You hit the orc but do no damage. You barely miss the orc. The orc misses you.
You closely miss the orc. The orc closely misses you.
The orc priest calls down the wrath of Beogh upon you.
Beogh smites you!
Ouch! That really hurt!
You die...

......#............
###....#...........(.
##....................
..................<...
......................
.......)))........#.#.
(....>.)†.............
........††)...........
.......@.......♣......
......o......♣)∩.♣...
......[#......<♣......
...o........#.........
..#.o########.........
..#.. .......... #.
:........). ..
.........###
..........#


You could see an orc priest and 2 orcs.

Vanquished Creatures
  A gnoll (D:3)
  3 adders
  A worm (D:2)
  3 dart slugs (D:1)
  2 orcs (D:3)
  4 endoplasms
  3 giant cockroaches
  4 goblins
  5 hobgoblins
  5 kobolds
  4 ball pythons
  5 bats
  2 frilled lizards (D:1)
  4 rats
46 creatures vanquished.

Notes
Turn   | Place    | Note
-------+----------+-------------------------------------------
     0 | D:1      | Shayle the Tengu Reaver began the quest for the Orb.
     0 | D:1      | Reached XP level 1. HP: 12/12 MP: 4/4
   149 | D:1      | Found a faded altar of an unknown god.
   160 | D:1      | Got Plato's Grimoire of Command
   212 | D:1      | Reached XP level 2. HP: 17/17 MP: 6/6
   359 | D:1      | Reached skill level 1 in Necromancy
   371 | D:1      | Reached XP level 3. HP: 11/21 MP: 7/7
   906 | D:2      | Reached skill level 1 in Air Magic
   982 | D:2      | Reached XP level 4. HP: 27/27 MP: 8/8
  1214 | D:3      | Found Ruisk's Antique Weapon Emporium.
  1242 | D:3      | Reached skill level 1 in Earth Magic
  1243 | D:3      | Identified the +0 robe of Lightning Storm {rN+ Stlth+}
  1262 | D:3      | Killed from afar by an orc priest

Illustrated notes

Levels and vault maps discovered:
D:1:      shiori_arrival_elements, layout_basic,
          shapermc_ecumenical_altar_rom_forum, minmay_misc_feat_enclosed
D:2:      layout_basic
D:3:      layout_rooms, gup_sewer_entry_glass, serial_shops, shop, shop,
          nicolae_shop_trees, nicolae_diamond_shop

Skill      XL: |  1  2  3  4 |
---------------+-------------+-----
Necromancy     | 1 |  1.6
Air Magic      | 1 |  1.5
Earth Magic    | 1 |  1.0
Fighting       | |  2.6
Short Blades   | |  3.2
Dodging        | |  2.9
Spellcasting   | |  2.5
Conjurations   | |  4.0

Action                   |  1- 3 |  4- 6 || total
-------------------------+-------+-------++-------
Melee: Short sword       |    85 |    34 ||   119
       Kick              |    19 |    13 ||    32
       Peck              |     7 |     4 ||    11
       Punch             |     1 |       ||     1
  Use: Potion            |     1 |       ||     1
 Stab: Sleeping          |     1 |       ||     1
Armor: Leather armour    |    12 |     3 ||    15
Dodge: Dodged            |    48 |    26 ||    74

Table legend: (Time is in decaauts)
 A = Elapsed time spent in this place.
 B = Non-inter-level travel time spent in this place.
 C = Inter-level travel time spent in this place.
 D = Time resting spent in this place.
 E = Time spent auto-exploring this place.
 F = Levels seen in this place.
 G = Mean time per level.
                   A        B        C        D        E       F      G
               +--------+--------+--------+--------+--------+-----+--------+
         Total |   1242 |   1195 |     47 |      8 |    828 |   3 |  414.0 |
       Dungeon |   1242 |   1195 |     47 |      8 |    828 |   3 |  414.0 |
               +--------+--------+--------+--------+--------+-----+--------+

Top non-repeatable levels by time:
     D:1: 708 daAuts
     D:2: 491 daAuts
     D:3: 43 daAuts
